Zazza, neutral female human Tourist --------- ##.........# ------ # |.......|# ----- |*...| ####..>.....|# |...-# |....| ####---------# ##....|# |$...| ## # # |...|# |.!..| ##` # ### |...|# -|---- ## # # |...|# ## -------------- #########@k# ##`##############-...|# # |.............##### #-----f # -------# -----# # |............| ### #|...|# # |.....|# # ------|-- |............-#######|...|# # |.....|# ### |.......| |............|### # |....# # |.....-# # |.......| |............-# ##....| # |...<.| ##........| -------------- |...| ##......| |.......| ----- |.....| --------- ------- Zazza the Rambler Experience level: 1 Strength: 13 Dexterity: 8 Constitution: 18 Intelligence: 13 Wisdom: 9 Charisma: 18 Health: 0(10) Energy: 2(2) Def: 1 Gold: 0 Moves: 1442 Dungeon seed: EO3XAlAFfbjHMW_X Game ID: Zazza_1618930933 Your Inventory: Amulets Q - an uncursed amulet versus poison (being worn) Weapons a - 30 +2 darts (in quiver) u - a +0 dagger (weapon in hand) K - a +0 dart Armor e - an uncursed +0 Hawaiian shirt (being worn) N - an uncursed +0 cloak of displacement (being worn) Y - a cursed -1 pair of gauntlets of fumbling Comestibles c - 2 uncursed tripe rations d - an uncursed slime mold f - 7 uncursed food rations h - an uncursed egg w - an uncursed egg H - an uncursed fortune cookie P - an uncursed food ration S - an uncursed egg Scrolls m - 3 uncursed scrolls of magic mapping A - an uncursed scroll of identify J - an uncursed scroll of food detection R - a blessed scroll of enchant weapon T - an uncursed scroll of enchant weapon Potions b - an uncursed potion of invisibility i - a blessed potion of extra healing j - an uncursed potion of extra healing r - an uncursed potion of hallucination s - an uncursed potion of levitation v - an uncursed potion of water Wands o - a wand of lightning (0:3) G - a wand of digging (0:4) Tools k - an uncursed credit card l - an expensive camera (0:74) t - an uncursed towel Gems n - an uncursed worthless piece of orange glass Spells and supernatural/magical abilities: Name Level Category Fail Memory W - pray for help -- divine ? -- Your skills at the end: Fighting Skills Weapon Skills dart [Basic] Spellcasting Skills Final Attributes: You were nominally aligned. You were poison resistant. You were displaced. You are dead. Vanquished creatures: a giant rat a green mold 5 jackals a fox a kobold 2 goblins 4 sewer rats a grid bug 5 newts 21 creatures vanquished. Voluntary challenges: You were an atheist. You used a wielded weapon 1 time, starting on turn 1433. You read items or engraved 3 times, starting on turn 35. You never genocided any monsters. You never polymorphed an object. You never changed form. You used no wishes. You never split a pudding. You wrote Elbereth's name 2 times, starting on turn 35. You never violated your personal moral code. Dungeon overview: The Dungeons of Doom: levels 1 to 4 Level 1 a long staircase Level 2 a general store Level 3 <- You were here a general store Level 4 History has recorded: On T:1 you entered the Dungeons of Doom to retrieve the Amulet of Yendor! On T:350 you reached level 2 of The Dungeons of Doom. On T:1106 you reached level 3 of The Dungeons of Doom. On T:1330 you reached level 4 of The Dungeons of Doom. Score breakdown: Gold: 0 ( 0 points) Experience: 1 level ( 0 points) Exploration: 4 levels ( 8.70%) ( 7745 points) Discoveries: 7 items ( 2.35%) ( 4597 points) Valuables value: (no points given unless you survive) Artifact value: 0 ( 0 points) Variety of kills: 9 monsters ( 2.36%) ( 4610 points) Turncount: 1442 turns ( 0 points) Survival: died (score multiplied by 80%) Total score: 13561 Latest messages: The grid bug bites! You hear some noises. You displace Armand. You try to move the boulder, but in vain. You stop. Armand is in the way! You hear some noises. You displace Armand. The door opens. You displace Armand. You stop. Armand is in the way! The dart misses Armand. Armand picks up a dart. Armand drops a dart. You displace Armand. You see here a dart. K - a dart. You are beginning to feel hungry. You displace Armand. The large kobold hits! You hit the large kobold. You displace Armand. The large kobold hits! You displace Armand. The large kobold hits! You die... Final status: Aloha Zazza the Tourist, killed by a large kobold... You died in The Dungeons of Doom on dungeon level 3 with 13561 points, and 0 pieces of gold, after 1442 moves. You were level 1 with a maximum of 10 hit points when you died.